| TOP OF THE 1ST |
|
Charleston RiverDogs batting - Pitching for Cedar Rapids Kernels : LHP Bobby Shaw
|
|
Pitching: LHP Bobby Shaw
|
|
|
Batting: LHB Justin O'Neal
|
0-0: Ball 1-0: Called Strike 1-1: Ball 2-1: Fly out, F8 (Flyball, 8RD, EV 88.1 MPH)
|
|
Batting: RHB Bill Nguyen-Tan
|
0-0: Called Strike 0-1: Fly out, F3 (Line Drive, 3L, EV 72.5 MPH)
|
|
Batting: SHB Corey Penson
|
0-0: Ball 1-0: Ball 2-0: Fly out, F8 (Flyball, 8LD, EV 90.0 MPH)
|
| Top of the 1st over - 0 runs, 0 hits, 0 errors, 0 left on base; Charleston 0 - Cedar Rapids 0 |
| BOTTOM OF THE 1ST |
|
Cedar Rapids Kernels batting - Pitching for Charleston RiverDogs : RHP Bill Setzer
|
|
Pitching: RHP Bill Setzer
|
|
|
Batting: RHB David McDonald
|
0-0: Swinging Strike 0-1: Foul Ball, location: 2F 0-2: Ground out 5-3 (Groundball, 5L, EV 78.8 MPH)
|
|
Batting: RHB Kevin Harris
|
0-0: Ball 1-0: Ball 2-0: Foul Ball, location: 2F 2-1: Ground out 5-3 (Groundball, 5S, EV 63.1 MPH)
|
|
Batting: LHB Kuemon Shishido
|
0-0: Ball 1-0: Ball 2-0: SINGLE (Groundball, 4MD, EV 102.5 MPH)
|
|
Batting: LHB Shaun Price
|
0-0: Ball 1-0: Swinging Strike 1-1: Fly out, F7 (Flyball, 78S, EV 98.1 MPH)
|
| Bottom of the 1st over - 0 runs, 1 hit, 0 errors, 1 left on base; Charleston 0 - Cedar Rapids 0 |
| TOP OF THE 2ND |
|
Charleston RiverDogs batting - Pitching for Cedar Rapids Kernels : LHP Bobby Shaw
|
|
Batting: RHB Mike Zern
|
0-0: Ball 1-0: Called Strike 1-1: Ball 2-1: SINGLE (Groundball, 56, EV 103.1 MPH)
|
|
Batting: LHB Steve LeGrand
|
0-0: Called Strike 0-1: Ball 1-1: Foul Ball, location: 2F 1-2: Ball 2-2: Strikes out swinging
|
|
Batting: RHB Jonathan Iniguez
|
0-0: Called Strike 0-1: Ball 1-1: Foul Ball, location: 2F 1-2: Foul Ball, location: 2F 1-2: Fielders Choice at 2nd, 4-6 (Groundball, 4S, EV 87.5 MPH)
|
|
Batting: RHB Iften Olujimi
|
Pickoff Throw to First - Error! E1 Jonathan Iniguez to second 0-0: Ball 1-0: Ball 2-0: Swinging Strike 2-1: Swinging Strike 2-2: Foul Ball, location: 2F 2-2: SINGLE (Line Drive, 4MD, EV 100.0 MPH) Jonathan Iniguez to third Runner from 3rd tries for Home, SAFE, throw by CF to home
|
|
Batting: RHB Nate Singleton
|
0-0: Fielders Choice at 2nd, 5-4 (Groundball, 56, EV 100.6 MPH)
|
| Top of the 2nd over - 1 run, 2 hits, 1 error, 1 left on base; Charleston 1 - Cedar Rapids 0 |
| BOTTOM OF THE 2ND |
|
Cedar Rapids Kernels batting - Pitching for Charleston RiverDogs : RHP Bill Setzer
|
|
Batting: LHB Brian Wagner
|
0-0: Called Strike 0-1: Called Strike 0-2: Ball 1-2: Strikes out looking
|
|
Batting: LHB Marvin Shepherd
|
0-0: Swinging Strike 0-1: Foul Ball, location: 2F 0-2: Ball 1-2: Foul Ball, location: 2F 1-2: SINGLE (Groundball, 6MD, EV 98.1 MPH)
|
|
Batting: RHB Chris Bejarano
|
0-0: Fly out, F6 (Line Drive, 6, EV 63.8 MPH)
|
|
Batting: LHB Hector Olvera
|
0-0: Ball Marvin Shepherd steals 2nd base 1-0: Swinging Strike 1-1: Fly out, F9 (Line Drive, 89S, EV 109.4 MPH)
|
| Bottom of the 2nd over - 0 runs, 1 hit, 0 errors, 1 left on base; Charleston 1 - Cedar Rapids 0 |
| TOP OF THE 3RD |
|
Charleston RiverDogs batting - Pitching for Cedar Rapids Kernels : LHP Bobby Shaw
|
|
Batting: RHB Louwe Starmans
|
0-0: Fly out, F4 (Line Drive, 4M, EV 73.8 MPH)
|
|
Batting: LHB Justin O'Neal
|
0-0: Foul Ball, location: 2F 0-1: Called Strike 0-2: Hit by Pitch
|
|
Batting: RHB Bill Nguyen-Tan
|
0-0: Called Strike 0-1: Ball 1-1: Called Strike 1-2: Strikes out looking
|
|
Batting: SHB Corey Penson
|
0-0: Ball 1-0: Fly out, F8 (Flyball, 8RM, EV 88.1 MPH)
|
| Top of the 3rd over - 0 runs, 0 hits, 0 errors, 1 left on base; Charleston 1 - Cedar Rapids 0 |
| BOTTOM OF THE 3RD |
|
Cedar Rapids Kernels batting - Pitching for Charleston RiverDogs : RHP Bill Setzer
|
|
Batting: RHB Antonio Santos
|
0-0: Called Strike 0-1: Ball 1-1: Called Strike 1-2: Foul Ball, location: 2F 1-2: Ball 2-2: Foul Ball, location: 2F 2-2: Strikes out swinging
|
|
Batting: RHB David McDonald
|
0-0: Ball 1-0: Called Strike 1-1: Ball 2-1: Ball 3-1: Called Strike 3-2: Foul Ball, location: 2F 3-2: Ground out 4-3 (Groundball, 4MD, EV 83.8 MPH)
|
|
Batting: RHB Kevin Harris
|
0-0: Swinging Strike 0-1: Swinging Strike 0-2: SINGLE (Groundball, 56S, EV 73.1 MPH) (infield hit)
|
|
Batting: LHB Kuemon Shishido
|
0-0: Ball 1-0: Called Strike 1-1: 2-RUN HOME RUN (Flyball, 89XD, EV 98.8 MPH), Distance : 399 ft
|
|
Batting: LHB Shaun Price
|
0-0: Swinging Strike 0-1: Ball 1-1: Ball 2-1: Foul Ball, location: 2F 2-2: Ball 3-2: Base on Balls
|
|
Batting: LHB Brian Wagner
|
0-0: Ball 1-0: Ball 2-0: Called Strike 2-1: Ground out 4-3 (Groundball, 4, EV 80.0 MPH)
|
| Bottom of the 3rd over - 2 runs, 2 hits, 0 errors, 1 left on base; Charleston 1 - Cedar Rapids 2 |
| TOP OF THE 4TH |
|
Charleston RiverDogs batting - Pitching for Cedar Rapids Kernels : LHP Bobby Shaw
|
|
Batting: RHB Mike Zern
|
0-0: Foul Ball, location: 2F 0-1: Ground out U3 (Groundball, 13, EV 91.2 MPH)
|
|
Batting: LHB Steve LeGrand
|
0-0: Called Strike 0-1: Ball 1-1: Ball 2-1: Ground out U3 (Groundball, 3, EV 87.5 MPH)
|
|
Batting: RHB Jonathan Iniguez
|
0-0: Ball 1-0: SINGLE (Line Drive, 4D, EV 98.1 MPH)
|
|
Batting: RHB Iften Olujimi
|
0-0: Ball Jonathan Iniguez steals 2nd base 1-0: Called Strike 1-1: Swinging Strike 1-2: Ball 2-2: Ball 3-2: Foul Ball, location: 2F 3-2: Ground out 4-3 (Groundball, 4, EV 97.5 MPH)
|
| Top of the 4th over - 0 runs, 1 hit, 0 errors, 1 left on base; Charleston 1 - Cedar Rapids 2 |
| BOTTOM OF THE 4TH |
|
Cedar Rapids Kernels batting - Pitching for Charleston RiverDogs : RHP Bill Setzer
|
|
Batting: LHB Marvin Shepherd
|
0-0: Ball 1-0: Ball 2-0: SINGLE (Groundball, 34D, EV 104.4 MPH)
|
|
Batting: RHB Chris Bejarano
|
0-0: Ball 1-0: Swinging Strike 1-1: Ball 2-1: Swinging Strike 2-2: Ball 3-2: Strikes out swinging Marvin Shepherd steals 2nd base Batter strikes out.
|
|
Batting: LHB Hector Olvera
|
0-0: Foul Ball, location: 2F 0-1: Foul Ball, location: 2F 0-2: Ball 1-2: Ball 2-2: SINGLE (Groundball, 34D, EV 105.6 MPH) Marvin Shepherd to third Runner from 3rd tries for Home, throw by RF and OUT! 9-2 Hector Olvera to second
|
|
Batting: RHB Antonio Santos
|
0-0: Called Strike 0-1: Ground out 4-3 (Groundball, 4, EV 88.8 MPH)
|
| Bottom of the 4th over - 0 runs, 2 hits, 0 errors, 1 left on base; Charleston 1 - Cedar Rapids 2 |
| TOP OF THE 5TH |
|
Charleston RiverDogs batting - Pitching for Cedar Rapids Kernels : LHP Bobby Shaw
|
|
Batting: RHB Nate Singleton
|
0-0: Ball 1-0: Ground out 3-1 (Groundball, 34, EV 83.1 MPH)
|
|
Batting: RHB Louwe Starmans
|
0-0: Ball 1-0: Called Strike 1-1: Ball 2-1: SINGLE (Flyball, 56D, EV 88.1 MPH)
|
|
Batting: LHB Justin O'Neal
|
0-0: Foul Ball, location: 2F 0-1: Called Strike 0-2: Fielders Choice at 2nd, 6-4 (Groundball, 6, EV 83.1 MPH)
|
|
Batting: RHB Bill Nguyen-Tan
|
0-0: Swinging Strike 0-1: Ball 1-1: Foul Ball, location: 2F 1-2: Strikes out swinging
|
| Top of the 5th over - 0 runs, 1 hit, 0 errors, 1 left on base; Charleston 1 - Cedar Rapids 2 |
| BOTTOM OF THE 5TH |
|
Cedar Rapids Kernels batting - Pitching for Charleston RiverDogs : RHP Bill Setzer
|
|
Batting: RHB David McDonald
|
0-0: Called Strike 0-1: Foul Ball, location: 2F 0-2: Foul Ball, location: 2F 0-2: Fly out, F2 (Popup, 3SF, EV 73.1 MPH)
|
|
Batting: RHB Kevin Harris
|
0-0: Called Strike 0-1: Foul Ball, location: 2F 0-2: Ball 1-2: Strikes out swinging
|
|
Batting: LHB Kuemon Shishido
|
0-0: Ball 1-0: Ball 2-0: Foul Ball, location: 2F 2-1: Foul Ball, location: 2F 2-2: Ball 3-2: Base on Balls
|
|
Pitching: RHP Mike Pickens
|
|
|
Batting: LHB Shaun Price
|
0-0: Called Strike 0-1: Called Strike 0-2: Ball 1-2: Foul Ball, location: 2F 1-2: Foul Ball, location: 2F 1-2: Foul Ball, location: 2F 1-2: Foul Ball, location: 2F 1-2: Ball 2-2: Ball 3-2: Base on Balls Kuemon Shishido to second
|
|
Batting: LHB Brian Wagner
|
0-0: Ball 1-0: Ball 2-0: Called Strike 2-1: Ball 3-1: Swinging Strike 3-2: Base on Balls Kuemon Shishido to third Shaun Price to second
|
|
Batting: LHB Marvin Shepherd
|
0-0: Called Strike 0-1: DOUBLE (Line Drive, 9LM, EV 100.6 MPH) Kuemon Shishido scores Shaun Price scores Brian Wagner to third Runner from 3rd tries for Home, throw by RF and OUT! 9-4-2
|
| Bottom of the 5th over - 2 runs, 1 hit, 0 errors, 1 left on base; Charleston 1 - Cedar Rapids 4 |
| TOP OF THE 6TH |
|
Charleston RiverDogs batting - Pitching for Cedar Rapids Kernels : LHP Bobby Shaw
|
|
Batting: SHB Corey Penson
|
0-0: Called Strike 0-1: Ball 1-1: Ball 2-1: Ball 3-1: Base on Balls
|
|
Batting: RHB Mike Zern
|
0-0: Called Strike 0-1: Foul Ball, location: 2F 0-2: Strikes out swinging
|
|
Pitching: RHP Andrew Rich
|
|
|
Batting: LHB Steve LeGrand
|
0-0: Called Strike 0-1: Called Strike 0-2: Ball 1-2: Foul Ball, location: 2F 1-2: Strikes out looking
|
|
Batting: RHB Jonathan Iniguez
|
0-0: Called Strike 0-1: Ball 1-1: Ball 2-1: Foul Ball, location: 2F 2-2: Ball 3-2: Base on Balls Corey Penson to second
|
|
Batting: RHB Iften Olujimi
|
0-0: Ball 1-0: Ball 2-0: Foul Ball, location: 2F 2-1: Called Strike 2-2: Ball 3-2: Foul Ball, location: 2F 3-2: Strikes out swinging
|
| Top of the 6th over - 0 runs, 0 hits, 0 errors, 2 left on base; Charleston 1 - Cedar Rapids 4 |
| BOTTOM OF THE 6TH |
|
Cedar Rapids Kernels batting - Pitching for Charleston RiverDogs : RHP Mike Pickens
|
|
Batting: RHB Chris Bejarano
|
0-0: Ball 1-0: Ball 2-0: Ground out 4-3 (Groundball, 4, EV 83.8 MPH)
|
|
Batting: LHB Hector Olvera
|
0-0: Called Strike 0-1: Fly out, F4 (Popup, 4MD, EV 50.6 MPH)
|
|
Batting: RHB Antonio Santos
|
0-0: Fly out, F8 (Flyball, 8RS, EV 91.2 MPH)
|
| Bottom of the 6th over - 0 runs, 0 hits, 0 errors, 0 left on base; Charleston 1 - Cedar Rapids 4 |
| TOP OF THE 7TH |
|
Charleston RiverDogs batting - Pitching for Cedar Rapids Kernels : RHP Andrew Rich
|
|
Batting: RHB Nate Singleton
|
0-0: Ball 1-0: Called Strike 1-1: Foul Ball, location: 2F 1-2: Ball 2-2: Fly out, F7 (Flyball, 7, EV 91.2 MPH)
|
|
Pinch Hitting: LHB Ernesto Abreu
|
0-0: Ball 1-0: Ball 2-0: SOLO HOME RUN (Flyball, 9D, EV 95.6 MPH), Distance : 378 ft
|
|
Batting: LHB Justin O'Neal
|
0-0: Called Strike 0-1: Swinging Strike 0-2: Foul Ball, location: 2F 0-2: Strikes out looking
|
|
Batting: RHB Bill Nguyen-Tan
|
0-0: Ball 1-0: Ball 2-0: Called Strike 2-1: Ball 3-1: Called Strike 3-2: DOUBLE (Flyball, 8RXD, EV 113.1 MPH)
|
|
Batting: SHB Corey Penson
|
0-0: Ball 1-0: Foul Ball, location: 2F 1-1: Foul Ball, location: 2F 1-2: Strikes out looking
|
| Top of the 7th over - 1 run, 2 hits, 0 errors, 1 left on base; Charleston 2 - Cedar Rapids 4 |
| BOTTOM OF THE 7TH |
|
Cedar Rapids Kernels batting - Pitching for Charleston RiverDogs : RHP Mike Pickens
|
|
Now at 3B: Gonçalo Burhil
|
|
|
Batting: RHB David McDonald
|
0-0: Called Strike 0-1: Ball 1-1: Foul Ball, location: 2F 1-2: Ground out 2-3 (Groundball, 2R, EV 68.8 MPH)
|
|
Batting: RHB Kevin Harris
|
0-0: Swinging Strike 0-1: Foul Ball, location: 2F 0-2: Ball 1-2: Ball 2-2: Strikes out swinging
|
|
Batting: LHB Kuemon Shishido
|
0-0: Ball 1-0: Ball 2-0: Foul Ball, location: 2F 2-1: Ball 3-1: Base on Balls
|
|
Batting: LHB Shaun Price
|
0-0: Ball 1-0: Ball 2-0: Called Strike 2-1: Called Strike 2-2: 2-RUN HOME RUN (Flyball, 8RXD, EV 106.9 MPH), Distance : 415 ft
|
|
Pitching: RHP Austin Trzcinski
|
|
|
Batting: LHB Brian Wagner
|
0-0: Called Strike 0-1: Foul Ball, location: 2F 0-2: Ball 1-2: Ball 2-2: Ball 3-2: Ground out 5-3 (Groundball, 25, EV 88.8 MPH)
|
| Bottom of the 7th over - 2 runs, 1 hit, 0 errors, 0 left on base; Charleston 2 - Cedar Rapids 6 |
| TOP OF THE 8TH |
|
Charleston RiverDogs batting - Pitching for Cedar Rapids Kernels : RHP Andrew Rich
|
|
Pitching: RHP Steven Legge
|
|
|
Batting: RHB Mike Zern
|
0-0: Ball 1-0: Ground out 6-3 (Groundball, 6, EV 90.0 MPH)
|
|
Batting: LHB Steve LeGrand
|
0-0: Ball 1-0: Hit by Pitch
|
|
Batting: RHB Jonathan Iniguez
|
0-0: Foul Ball, location: 2F 0-1: Ball 1-1: Ball 2-1: Foul Ball, location: 2F 2-2: SINGLE (Groundball, 56D, EV 106.9 MPH) Steve LeGrand to second
|
|
Batting: RHB Iften Olujimi
|
0-0: Called Strike 0-1: Fly out, F7 (Line Drive, 7, EV 94.4 MPH)
|
|
Batting: RHB Nate Singleton
|
0-0: Ball 1-0: Foul Ball, location: 2F 1-1: Ball 2-1: Foul Ball, location: 2F 2-2: DOUBLE (Groundball, 5L, EV 104.4 MPH) Steve LeGrand scores Jonathan Iniguez to third Runner from 3rd tries for Home, throw by LF and OUT! 7-6-2
|
| Top of the 8th over - 1 run, 2 hits, 0 errors, 1 left on base; Charleston 3 - Cedar Rapids 6 |
| BOTTOM OF THE 8TH |
|
Cedar Rapids Kernels batting - Pitching for Charleston RiverDogs : RHP Austin Trzcinski
|
|
Batting: LHB Marvin Shepherd
|
0-0: Called Strike 0-1: Ground out U3 (Groundball, 3, EV 80.0 MPH)
|
|
Batting: RHB Chris Bejarano
|
0-0: Ball 1-0: Swinging Strike 1-1: Called Strike 1-2: Foul Ball, location: 2F 1-2: Strikes out looking
|
|
Batting: LHB Hector Olvera
|
0-0: Ground out U3 (Groundball, 34, EV 77.5 MPH)
|
| Bottom of the 8th over - 0 runs, 0 hits, 0 errors, 0 left on base; Charleston 3 - Cedar Rapids 6 |
| TOP OF THE 9TH |
|
Charleston RiverDogs batting - Pitching for Cedar Rapids Kernels : RHP Steven Legge
|
|
Pitching: RHP Matt Lundy
|
|
|
Batting: RHB Gonçalo Burhil
|
0-0: Ground out 6-3 (Groundball, 6, EV 94.4 MPH)
|
|
Batting: LHB Justin O'Neal
|
0-0: Called Strike 0-1: Ball 1-1: Ball 2-1: Foul Ball, location: 2F 2-2: Ball 3-2: Strikes out swinging
|
|
Batting: RHB Bill Nguyen-Tan
|
0-0: Ball 1-0: Ball 2-0: Called Strike 2-1: Called Strike 2-2: Ball 3-2: Foul Ball, location: 2F 3-2: Base on Balls
|
|
Batting: SHB Corey Penson
|
0-0: Ball 1-0: Foul Ball, location: 2F 1-1: Foul Ball, location: 2F 1-2: Foul Ball, location: 2F 1-2: Ball 2-2: Ball 3-2: Base on Balls Bill Nguyen-Tan to second
|
|
Batting: RHB Mike Zern
|
0-0: Called Strike 0-1: Ball 1-1: Called Strike 1-2: Ball 2-2: SINGLE (Groundball, 56, EV 104.4 MPH) Bill Nguyen-Tan to third Corey Penson to second
|
|
Batting: LHB Steve LeGrand
|
0-0: Ball 1-0: Ball 2-0: Foul Ball, location: 2F 2-1: Ball 3-1: Foul Ball, location: 2F 3-2: Foul Ball, location: 2F 3-2: Foul Ball, location: 2F 3-2: Ground out U3 (Groundball, 34S, EV 81.9 MPH)
|
| Top of the 9th over - 0 runs, 1 hit, 0 errors, 3 left on base; Charleston 3 - Cedar Rapids 6 |
|